3AAA
GRYFINDOR BRAVES @ WARWICK HUNCHBACKS
06/24/2017
 
TOP OF THE 1ST
Hialeah Dodos batting - Pitching for Warwick Hunchbacks : RHP Louis McDowell
Pitching: RHP Louis McDowell
Batting: RHB Héctor Camacho 0-0: Ball
1-0: Ball
2-0: Ball
3-0: Called Strike
3-1: Base on Balls
Batting: RHB Owen Cunningham 0-0: Ball
1-0: Swinging Strike
1-1: SINGLE (Line Drive, 7S)
Héctor Camacho to second
Batting: RHB José Bravo 0-0: Swinging Strike
0-1: Ball
1-1: Called Strike
1-2: Ball
2-2: Foul Ball, location: 2F
2-2: Strikes out swinging
Batting: RHB Javier Garza 0-0: Called Strike
0-1: Swinging Strike
0-2: Ball
1-2: Foul Ball, location: 2F
1-2: Ball
2-2: Strikes out swinging
Batting: RHB Jorge Emiliani 0-0: Foul Ball, location: 2F
0-1: Ball
1-1: Ball
2-1: Foul Ball, location: 2F
2-2: Strikes out swinging
Top of the 1st over - 0 run(s), 1 hit(s), 0 error(s), 2 left on base; Hialeah 0 - Warwick 0
BOTTOM OF THE 1ST
Warwick Hunchbacks batting - Pitching for Hialeah Dodos : RHP Jon Wilson
Pitching: RHP Jon Wilson
Batting: RHB Greg Robinson 0-0: Called Strike
0-1: Swinging Strike
0-2: Foul Ball, location: 2F
0-2: Ground out 1-3 (Groundball, 13)
Batting: LHB Dave Harris 0-0: Ball
1-0: Ground out U3 (Groundball, 3S)
Batting: RHB Chris Simons 0-0: Ball
1-0: Foul Ball, location: 2F
1-1: Foul Ball, location: 2F
1-2: SINGLE (Flyball, 9S)
Batting: RHB Tim Godwin 0-0: Called Strike
0-1: Ball
1-1: Fly out, F7 (Flyball, 7LDF)
Bottom of the 1st over - 0 run(s), 1 hit(s), 0 error(s), 1 left on base; Hialeah 0 - Warwick 0
TOP OF THE 2ND
Hialeah Dodos batting - Pitching for Warwick Hunchbacks : RHP Louis McDowell
Batting: LHB Enrique González 0-0: Ball
1-0: Called Strike
1-1: Ball
2-1: Foul Ball, location: 2F
2-2: Strikes out looking
Batting: SHB Daryl Moore 0-0: Ball
1-0: SINGLE (Groundball, 34)
Batting: RHB Álex Escobar 0-0: Fly out, F9 (Flyball, 9S)
Batting: RHB Maurice Evans 0-0: Ball
1-0: Ball
2-0: Ball
3-0: Called Strike
3-1: Foul Ball, location: 2F
3-2: Strikes out swinging
Top of the 2nd over - 0 run(s), 1 hit(s), 0 error(s), 1 left on base; Hialeah 0 - Warwick 0
BOTTOM OF THE 2ND
Warwick Hunchbacks batting - Pitching for Hialeah Dodos : RHP Jon Wilson
Batting: LHB Ted Cracknell 0-0: Called Strike
0-1: Ball
1-1: Ground out 4-3 (Groundball, 4)
Batting: RHB Julián Rocha 0-0: Ball
1-0: Called Strike
1-1: Foul Ball, location: 2F
1-2: Strikes out swinging
Batting: RHB Ronald Sánchez 0-0: Called Strike
0-1: Called Strike
0-2: Ground out 4-3 (Groundball, 4)
Bottom of the 2nd over - 0 run(s), 0 hit(s), 0 error(s), 0 left on base; Hialeah 0 - Warwick 0
TOP OF THE 3RD
Hialeah Dodos batting - Pitching for Warwick Hunchbacks : RHP Louis McDowell
Batting: RHB Héctor Camacho 0-0: Ball
1-0: Ball
2-0: Ball
3-0: Called Strike
3-1: Base on Balls
Batting: RHB Owen Cunningham 0-0: Ball
1-0: Swinging Strike
1-1: Ball
2-1: Called Strike
2-2: Strikes out looking
Batting: RHB José Bravo 0-0: Ball
1-0: Swinging Strike
1-1: Foul Ball, location: 2F
1-2: Foul Ball, location: 2F
1-2: Ball
2-2: Strikes out swinging
Batting: RHB Javier Garza 0-0: Called Strike
0-1: Ball
1-1: Ball
2-1: Fielders Choice at 2nd, U4 (Groundball, 4M)
Top of the 3rd over - 0 run(s), 0 hit(s), 0 error(s), 1 left on base; Hialeah 0 - Warwick 0
BOTTOM OF THE 3RD
Warwick Hunchbacks batting - Pitching for Hialeah Dodos : RHP Jon Wilson
Batting: LHB Javier Pérez 0-0: Bunted foul
0-1: Fly out, F7 (Flyball, 7LD)
Batting: RHB On Seow 0-0: Ball
1-0: Ball
2-0: Ball
3-0: Called Strike
3-1: DOUBLE (Line Drive, 78M)
Batting: RHB Greg Robinson 0-0: Called Strike
0-1: Swinging Strike
0-2: Fly out, F8 (Popup, 8RS)
Batting: LHB Dave Harris 0-0: Foul Ball, location: 2F
0-1: Foul Ball, location: 2F
0-2: Ball
1-2: Ball
2-2: Ball
3-2: Base on Balls
Batting: RHB Chris Simons 0-0: Ball
1-0: Ball
2-0: Ball
3-0: Called Strike
3-1: Base on Balls
On Seow to third
Dave Harris to second
Batting: RHB Tim Godwin 0-0: Swinging Strike
0-1: Ball
1-1: Ground out 6-3 (Groundball, 6)
Bottom of the 3rd over - 0 run(s), 1 hit(s), 0 error(s), 3 left on base; Hialeah 0 - Warwick 0
TOP OF THE 4TH
Hialeah Dodos batting - Pitching for Warwick Hunchbacks : RHP Louis McDowell
Batting: RHB Jorge Emiliani 0-0: Foul Ball, location: 2F
0-1: Fly out, F7 (Flyball, 7LD)
Batting: LHB Enrique González 0-0: Ball
1-0: Ball
2-0: Ball
3-0: Called Strike
3-1: Fly out, F8 (Flyball, 89XD)
Batting: SHB Daryl Moore 0-0: Ball
1-0: Foul Ball, location: 2F
1-1: Ball
2-1: Foul Ball, location: 2F
2-2: Ground out 4-3 (Groundball, 34)
Top of the 4th over - 0 run(s), 0 hit(s), 0 error(s), 0 left on base; Hialeah 0 - Warwick 0
BOTTOM OF THE 4TH
Warwick Hunchbacks batting - Pitching for Hialeah Dodos : RHP Jon Wilson
Batting: LHB Ted Cracknell 0-0: Ground out 5-3 (Groundball, 5S)
Batting: RHB Julián Rocha 0-0: Ground out 5-3 (Groundball, 5)
Batting: RHB Ronald Sánchez 0-0: Called Strike
0-1: Foul Ball, location: 2F
0-2: Foul Ball, location: 2F
0-2: Ball
1-2: Foul Ball, location: 2F
1-2: Ball
2-2: Ball
3-2: Ground out 6-3 (Groundball, 6)
Bottom of the 4th over - 0 run(s), 0 hit(s), 0 error(s), 0 left on base; Hialeah 0 - Warwick 0
TOP OF THE 5TH
Hialeah Dodos batting - Pitching for Warwick Hunchbacks : RHP Louis McDowell
Batting: RHB Álex Escobar 0-0: Called Strike
0-1: Foul Ball, location: 2F
0-2: Foul Ball, location: 2F
0-2: SINGLE (Groundball, 25) (infield hit)
Batting: RHB Maurice Evans 0-0: Bunt missed!
0-1: Ball
1-1: Sac Bunt - play at first, batter OUT! 5-4
Álex Escobar to second
Batting: RHB Héctor Camacho 0-0: Ball
1-0: Called Strike
1-1: Swinging Strike
1-2: Strikes out swinging
Batting: RHB Owen Cunningham 0-0: Swinging Strike
0-1: Ball
1-1: Ball
2-1: Called Strike
2-2: DOUBLE (Groundball, 5L)
Álex Escobar scores
Batting: RHB José Bravo 0-0: Ball
1-0: Called Strike
1-1: Ball
2-1: Ball
3-1: Base on Balls
Batting: RHB Javier Garza 0-0: Ball
1-0: Called Strike
1-1: Ball
2-1: Foul Ball, location: 2F
2-2: Ball
3-2: Foul Ball, location: 2F
3-2: Base on Balls
Owen Cunningham to third
José Bravo to second
Batting: RHB Jorge Emiliani 0-0: Fly out, F7 (Flyball, 78M)
Top of the 5th over - 1 run(s), 2 hit(s), 0 error(s), 3 left on base; Hialeah 1 - Warwick 0
BOTTOM OF THE 5TH
Warwick Hunchbacks batting - Pitching for Hialeah Dodos : RHP Jon Wilson
Batting: LHB Javier Pérez 0-0: Ball
1-0: Swinging Strike
1-1: Foul Ball, location: 2F
1-2: Ground out 4-3 (Groundball, 4M)
Batting: RHB On Seow 0-0: Ball
1-0: SINGLE (Flyball, 9S)
Batting: RHB Greg Robinson 0-0: Ball
1-0: Foul Ball, location: 2F
1-1: Called Strike
1-2: Fly out, F9 (Flyball, 9M)
Batting: LHB Dave Harris 0-0: Ball
1-0: Called Strike
On Seow steals 2nd base
1-1: Foul Ball, location: 2F
1-2: Ball
2-2: Ball
3-2: Base on Balls
Batting: RHB Chris Simons 0-0: Ball
1-0: Ball
2-0: Ball
3-0: Base on Balls
On Seow to third
Dave Harris to second
Batting: RHB Tim Godwin 0-0: Called Strike
0-1: Ground out 1-3 (Groundball, 25)
Bottom of the 5th over - 0 run(s), 1 hit(s), 0 error(s), 3 left on base; Hialeah 1 - Warwick 0
TOP OF THE 6TH
Hialeah Dodos batting - Pitching for Warwick Hunchbacks : RHP Louis McDowell
Batting: LHB Enrique González 0-0: Swinging Strike
0-1: Ball
1-1: Ball
2-1: Foul Ball, location: 2F
2-2: Strikes out swinging
Batting: SHB Daryl Moore 0-0: Foul Ball, location: 2F
0-1: Fly out, F8 (Flyball, 8RS)
Batting: RHB Álex Escobar 0-0: Called Strike
0-1: Ball
1-1: Called Strike
1-2: Ball
2-2: Ball
3-2: Fly out, F9 (Flyball, 9S)
Top of the 6th over - 0 run(s), 0 hit(s), 0 error(s), 0 left on base; Hialeah 1 - Warwick 0
BOTTOM OF THE 6TH
Warwick Hunchbacks batting - Pitching for Hialeah Dodos : RHP Jon Wilson
Batting: LHB Ted Cracknell 0-0: Ball
1-0: Called Strike
1-1: Ground out 4-3 (Groundball, 4M)
Batting: RHB Julián Rocha 0-0: Swinging Strike
0-1: Called Strike
0-2: Foul Ball, location: 2F
0-2: Ball
1-2: SINGLE (Groundball, 6MD)
Batting: RHB Ronald Sánchez 0-0: Called Strike
0-1: Called Strike
0-2: Ball
1-2: Ball
2-2: Strikes out looking
Batting: LHB Javier Pérez 0-0: Called Strike
0-1: Foul Ball, location: 2F
0-2: Foul Ball, location: 2F
0-2: Strikes out swinging
Bottom of the 6th over - 0 run(s), 1 hit(s), 0 error(s), 1 left on base; Hialeah 1 - Warwick 0
TOP OF THE 7TH
Hialeah Dodos batting - Pitching for Warwick Hunchbacks : RHP Louis McDowell
Batting: RHB Maurice Evans 0-0: Ball
1-0: Foul Ball, location: 2F
1-1: Called Strike
1-2: Strikes out swinging
Batting: RHB Héctor Camacho 0-0: Ball
1-0: Ball
2-0: Swinging Strike
2-1: Called Strike
2-2: Strikes out swinging
Batting: RHB Owen Cunningham 0-0: Ball
1-0: Ball
2-0: Ball
3-0: Called Strike
3-1: Base on Balls
Pitching: RHP Jason Ackerman
Batting: RHB José Bravo 0-0: Called Strike
0-1: Ground out 6-3 (Groundball, 6)
Top of the 7th over - 0 run(s), 0 hit(s), 0 error(s), 1 left on base; Hialeah 1 - Warwick 0
BOTTOM OF THE 7TH
Warwick Hunchbacks batting - Pitching for Hialeah Dodos : RHP Jon Wilson
Batting: RHB On Seow 0-0: Ball
1-0: Called Strike
1-1: Ball
2-1: Swinging Strike
2-2: Foul Ball, location: 2F
2-2: Strikes out looking
Batting: RHB Greg Robinson 0-0: Ball
1-0: Swinging Strike
1-1: Swinging Strike
1-2: Ground out 6-3 (Groundball, 6M)
Batting: LHB Dave Harris 0-0: Called Strike
0-1: Ball
1-1: Fly out, F7 (Flyball, 7LMF)
Bottom of the 7th over - 0 run(s), 0 hit(s), 0 error(s), 0 left on base; Hialeah 1 - Warwick 0
TOP OF THE 8TH
Hialeah Dodos batting - Pitching for Warwick Hunchbacks : RHP Jason Ackerman
Batting: RHB Javier Garza 0-0: Ball
1-0: Foul Ball, location: 2F
1-1: Ball
2-1: Ball
3-1: Base on Balls
Batting: RHB Jorge Emiliani 0-0: SINGLE (Groundball, 13) (infield hit)
Javier Garza to second
Batting: LHB Enrique González 0-0: Called Strike
0-1: Ball
1-1: Ball
2-1: Called Strike
2-2: Foul Ball, location: 2F
2-2: Fly out, F7 (Line Drive, 78D)
Batting: SHB Daryl Moore 0-0: Grounds into double play, 4-6-3 (Groundball, 4)
Top of the 8th over - 0 run(s), 1 hit(s), 0 error(s), 1 left on base; Hialeah 1 - Warwick 0
BOTTOM OF THE 8TH
Warwick Hunchbacks batting - Pitching for Hialeah Dodos : RHP Jon Wilson
Pitching: LHP Sergio Rey
Now in RF: Johnny Hairston
Batting: RHB Chris Simons 0-0: Called Strike
0-1: Foul Ball, location: 2F
0-2: Fly out, F7 (Line Drive, 78M)
Pitching: RHP Claudio Cruz
Batting: RHB Tim Godwin 0-0: Fly out, F9 (Flyball, 89M)
Batting: LHB Ted Cracknell 0-0: Called Strike
0-1: Foul Ball, location: 2F
0-2: SINGLE (Line Drive, 8LS)
Batting: RHB Julián Rocha 0-0: Swinging Strike
0-1: Ball
1-1: Ball
2-1: Called Strike
2-2: Foul Ball, location: 2F
2-2: Ball
3-2: Foul Ball, location: 2F
3-2: Reached on Error, E8 (Flyball, 8RD)
Ted Cracknell to third
Pinch Hitting: SHB Cal James 0-0: Called Strike
0-1: Foul Ball, location: 2F
0-2: Ball
1-2: Foul Ball, location: 2F
1-2: Foul Ball, location: 2F
1-2: Ball
2-2: Fly out, F5 (Line Drive, 56)
Bottom of the 8th over - 0 run(s), 1 hit(s), 1 error(s), 2 left on base; Hialeah 1 - Warwick 0
TOP OF THE 9TH
Hialeah Dodos batting - Pitching for Warwick Hunchbacks : RHP Jason Ackerman
Now in LF: Gilbert Davis
Batting: RHB Álex Escobar 0-0: Called Strike
0-1: SINGLE (Line Drive, 6M)
Pinch Hitting: RHB Al Murphy 0-0: Called Strike
Álex Escobar is caught stealing 2nd base
0-1: Called Strike
0-2: Ball
1-2: Fly out, F9 (Flyball, 89D)
Batting: RHB Héctor Camacho 0-0: Ball
1-0: Ball
2-0: Swinging Strike
2-1: Foul Ball, location: 2F
2-2: Strikes out swinging
Top of the 9th over - 0 run(s), 1 hit(s), 0 error(s), 0 left on base; Hialeah 1 - Warwick 0
BOTTOM OF THE 9TH
Warwick Hunchbacks batting - Pitching for Hialeah Dodos : RHP Claudio Cruz
Pitching: LHP Adrián Martínez
Now at 2B: Roy Volpe
Pinch Hitting: RHB Eric Russell 0-0: Ball
1-0: Ball
2-0: Called Strike
2-1: Foul Ball, location: 2F
2-2: Foul Ball, location: 2F
2-2: Ball
3-2: DOUBLE (Line Drive, 89M)
Batting: RHB On Seow 0-0: Ball
1-0: Foul Ball, location: 2F
1-1: Foul Ball, location: 2F
1-2: Ball
2-2: Ground out 5-3 (Groundball, 56S)
Eric Russell to third
Batting: RHB Greg Robinson 0-0: Fly out, F7 (Flyball, 7S)
Batting: LHB Dave Harris 0-0: Called Strike
0-1: Fly out, F8 (Flyball, 89M)
Bottom of the 9th over - 0 run(s), 1 hit(s), 0 error(s), 1 left on base; Hialeah 1 - Warwick 0
This league is powered by Out of the Park Baseball, the baseball management simulation game for PC, Mac and Linux
Saturday, February 27th, 2021 - OOTP Baseball 15.6 Build 34